Predators vs Jets

Created - April-21-14 at 17:10

Goals
1 2 3 OT1 T
Predators 0 0 1 1 2
Jets 0 0 1 0 1
Shots
1 2 3 OT1 T
Predators 4 1 6 9 20
Jets 16 9 13 0 38

1st period

No Goal

Penalties :
Max Pacioretty (NSH) for Goalie Interference (Minor) at 0:29, Cody Franson (NSH) for Hooking (Minor) at 9:15, Cody Franson (NSH) for Elbowing (Minor) at 17:07

2nd period

No Goal

Penalties :
Zbynek Michalek (NSH) for Roughing (Minor) at 0:41, Zach Bogosian (NSH) for Hooking (Minor) at 14:08

3rd period

1. Predators , Brian Strait 1 (Valtteri Filppula, Cody Franson) at 4:35
2. Jets , Jaromir Jagr 4 (Raphael Diaz, Pascal Dupuis) at 17:08

Penalties :
Nicklas Grossmann (WPG) for Roughing (Minor) at 1:47, Nicklas Grossmann (WPG) for Hooking (Minor) at 8:29

Overtime #1

3. Predators , Justin Abdelkader 2 (Brandon Prust, Anton Stralman) at 7:49

Penalties :
Matt Read (WPG) for Tripping (Minor) at 0:45, Ron Hainsey (WPG) for Fighting (Major) at 5:02, Zach Bogosian (NSH) for Fighting (Major) at 5:02, Jason Garrison (WPG) for Cross-checking (Minor) at 5:02, Derick Brassard (NSH) for Slashing (Minor) at 5:02, Troy Brouwer (WPG) for Hooking (Minor) at 5:02

Goalie Stats

Pekka Rinne (NSH), 37 saves from 38 shots - (0.974), W, 5-2-0, 67:50 minutes
Cory Schneider (WPG), 18 saves from 20 shots - (0.900), OTL, 4-0-1, 67:50 minutes

Players Stats for Predators

Player Name              G  A  P  +/- PIM S  H  SB GA TA FO     MP     PP MP  PK MP  
------------------------------------------------------------------------------------
Anton Stralman           0  1  1   1  0   1  1  0  0  0  0/0    20:45   2:49   1:55 
Artem Anisimov           0  0  0   0  0   0  1  0  0  0  0/1    19:44   3:08   0:00 
Brandon Prust            0  1  1   1  0   0  2  0  0  0  0/1     8:11   0:00   3:58 
Brian Strait             1  0  1   0  0   2  1  4  0  0  0/0    20:40   0:00   4:36 
Cody Franson             0  1  1   0  4   1  3  1  0  0  0/0    17:13   0:00   0:43 
Derick Brassard          0  0  0   0  2   0  3  0  0  0  0/2    20:32   3:08   0:49 
Jaden Schwartz           0  0  0   1  0   1  0  0  0  0  0/0     7:49   2:58   0:38 
Justin Abdelkader        1  0  1   1  0   1  0  1  0  0  4/14    9:45   0:00   5:32 
Max Pacioretty           0  0  0  -1  2   3  5  0  0  0  0/1    21:53   2:59   0:00 
Nicklas Backstrom        0  0  0  -1  0   0  0  0  0  0  8/20   21:03   2:49   0:00 
Patrik Berglund          0  0  0   1  0   0  2  0  0  0  6/13   12:55   0:00   0:00 
Roman Josi               0  0  0   0  0   1  0  1  0  0  0/0    26:34   2:49   4:45 
Steven Stamkos           0  0  0   0  0   2  2  0  0  0  6/15   19:44   3:08   0:00 
T.J. Oshie               0  0  0  -1  0   5  0  0  0  0  0/0    21:03   2:49   0:00 
Tuomo Ruutu              0  0  0   1  0   2  0  0  0  0  0/0    16:54   0:00   5:19 
Valtteri Filppula        0  1  1   1  0   1  0  0  0  0  1/5    15:33   0:00   3:58 
Zach Bogosian            0  0  0   0  7   0  6  1  0  0  0/0    25:55   3:08   3:53 
Zbynek Michalek          0  0  0   1  2   0  4  2  0  0  0/0    20:56   0:00   3:34 

Players Stats for Jets

Player Name              G  A  P  +/- PIM S  H  SB GA TA FO     MP     PP MP  PK MP  
------------------------------------------------------------------------------------
Boyd Gordon              0  0  0   0  0   1  0  0  0  0  5/9     9:35   0:00   5:15 
David Schlemko           0  0  0   0  0   0  0  0  0  0  0/0     7:10   0:40   1:25 
Henrik Sedin             0  0  0  -1  0   6  0  0  0  0  22/28  22:31   5:15   0:08 
Jamie Benn               0  0  0   0  0   5  1  1  0  0  14/21  21:25   4:00   0:00 
Jaromir Jagr             1  0  1   0  0   3  0  0  0  0  0/1    21:39   4:00   0:00 
Jason Garrison           0  0  0  -1  2   2  0  3  0  0  0/0    24:23   4:57   3:09 
Joe Pavelski             0  0  0   0  0   1  1  0  0  0  0/1    14:38   0:40   2:33 
Jonathan Ericsson        0  0  0  -1  0   0  2  0  0  0  0/0    18:02   0:00   4:54 
Kimmo Timonen            0  0  0   0  0   2  4  2  0  0  0/0    28:41   4:18   3:02 
Matt Cooke               0  0  0   0  0   0  0  1  0  0  0/0     9:20   0:40   3:35 
Matt Cullen              0  0  0   0  0   0  2  0  0  0  6/12   14:08   0:40   2:22 
Matt Read                0  0  0   0  2   2  1  0  0  0  0/0    14:07   0:00   0:00 
Nicklas Grossmann        0  0  0   0  4   0  1  1  0  0  0/0     8:27   0:40   0:00 
Pascal Dupuis            0  1  1   0  0   7  1  0  0  0  0/0    21:25   4:00   0:00 
Patrick Sharp            0  0  0  -1  0   3  0  0  0  0  0/0    22:23   5:15   0:00 
Raphael Diaz             0  1  1   0  0   1  0  2  0  0  0/0    25:55   4:18   0:50 
Ron Hainsey              0  0  0   0  5   1  1  0  0  0  0/0    22:58   4:57   2:32 
Troy Brouwer             0  0  0  -1  2   4  3  0  0  0  0/0    22:22   5:15   0:00 

3 Stars

1 - Pekka Rinne (NSH)
2 - Brian Strait (NSH)
3 - Justin Abdelkader (NSH)

Power Play

Predators - 0 on 4 Attempt(s) - 0.00%
Jets - 0 on 5 Attempt(s) - 0.00%

Penalty Kill

Predators - 5 on 5 Attempt(s) - 100.00% - Score 0 goal in Penalty Kill
Jets - 4 on 4 Attempt(s) - 100.00% - Score 0 goal in Penalty Kill

Official

Referees : Rob Martell and Tom Kowal
Linesman : Matt MacPherson and Steve Miller

Game Notes

General Fight at 5:02 of 1st overtime period
Ron Hainsey beats up Zach Bogosian at 5:02 of 1st overtime period

Finance

Level 1 -- Attendance: 6000 (100.00%) -- Ticket Income $618,000
Level 2 -- Attendance: 4745 (94.90%) -- Ticket Income $384,345
Level 3 -- Attendance: 2200 (100.00%) -- Ticket Income $165,000
Level 4 -- Attendance: 1015 (100.00%) -- Ticket Income $70,035
Luxury Box -- Attendance: 800 (100.00%) -- Ticket Income $200,000
Game was played at the MTS Center
Total Attendance: 14760 (98.30%)
Total Ticket Income: $1,437,380
Other Income: $215,607
Total Income: $1,652,987


% Time on Ice - Predators

Lines # - Real PCT - Wanted PCT - Time Play
Normal Forward
1 - 35% - 38% - 17:35
2 - 33% - 35% - 16:36
3 - 23% - 24% - 11:35
4 - 8% - 3% - 4:13
Normal Defense
1 - 37% - 35% - 18:41
2 - 30% - 30% - 14:59
3 - 31% - 29% - 15:35
4 - 1% - 6% - 0:44
PP Forward
1 - 47% - 60% - 2:49
2 - 53% - 40% - 3:08
PP Defense
1 - 53% - 60% - 3:08
2 - 47% - 40% - 2:49
PK Forward
1 - 60% - 60% - 5:57
2 - 40% - 40% - 3:58
PK Defense
1 - 52% - 51% - 5:11
2 - 48% - 49% - 4:44
PK3 Forward
1 - 0% - 54%
2 - 0% - 46%
PK3 Defense
1 - 0% - 51%
2 - 0% - 49%
44 Forward
1 - 67% - 60% - 1:20
2 - 33% - 40% - 0:39
44 Defense
1 - 48% - 53% - 0:57
2 - 52% - 47% - 1:02
Last Minute Offensive  - 0:00
Last Minute Defensive  - 0:00
Total
Forward - 67:50
Defense - 67:50

% Time on Ice - Jets

Lines # - Real PCT - Wanted PCT - Time Play
Normal Forward
1 - 34% - 36% - 17:08
2 - 35% - 33% - 17:25
3 - 22% - 23% - 11:06
4 - 9% - 8% - 4:20
Normal Defense
1 - 42% - 43% - 20:47
2 - 33% - 34% - 16:18
3 - 16% - 13% - 7:49
4 - 10% - 10% - 5:05
PP Forward
1 - 53% - 60% - 5:15
2 - 47% - 40% - 4:40
PP Defense
1 - 50% - 70% - 4:58
2 - 50% - 30% - 4:57
PK Forward
1 - 100% - 75% - 5:57
2 - 0% - 25% - 0:00
PK Defense
1 - 57% - 60% - 3:25
2 - 43% - 40% - 2:32
PK3 Forward
1 - 100% - 70% - 1:59
2 - 0% - 30% - 0:00
PK3 Defense
1 - 75% - 60% - 1:29
2 - 25% - 40% - 0:30
44 Forward
1 - 0% - 51%
2 - 0% - 49%
44 Defense
1 - 0% - 51%
2 - 0% - 49%
Last Minute Offensive  - 0:00
Last Minute Defensive  - 0:00
Total
Forward - 67:50
Defense - 67:50

Play by Play

1st period


0:01 of 1st period - Nicklas Backstrom wins face-off versus Henrik Sedin in neutral zone.
0:29 of 1st period - Minor Penalty to Max Pacioretty for Goalie Interference.
0:30 of 1st period - Jamie Benn wins face-off versus Justin Abdelkader in Predators zone.
0:47 of 1st period - Shot by Jaromir Jagr.
0:47 of 1st period - Shot Misses the Net.
0:49 of 1st period - Shot by Pascal Dupuis.
0:49 of 1st period - Shot Misses the Net.
0:51 of 1st period - Shot by Jason Garrison.
0:51 of 1st period - Stopped by Pekka Rinne without a rebound.
0:52 of 1st period - Justin Abdelkader wins face-off versus Henrik Sedin in Predators zone.
1:14 of 1st period - Shot by Kimmo Timonen.
1:14 of 1st period - Shot Misses the Net.
1:16 of 1st period - Shot by Henrik Sedin.
1:16 of 1st period - Shot Misses the Net.
1:18 of 1st period - Shot by Troy Brouwer.
1:18 of 1st period - Stopped by Pekka Rinne with a rebound.
1:20 of 1st period - Shot by Kimmo Timonen.
1:20 of 1st period - Shot Blocked by Brian Strait.
1:24 of 1st period - Shot by Raphael Diaz.
1:24 of 1st period - Shot Blocked by Brian Strait.
1:48 of 1st period - Shot by Jamie Benn.
1:48 of 1st period - Shot Misses the Net.
1:50 of 1st period - Shot by Jamie Benn.
1:50 of 1st period - Stopped by Pekka Rinne without a rebound.
1:51 of 1st period - Valtteri Filppula wins face-off versus Jamie Benn in Predators zone.
2:02 of 1st period - Shot by Ron Hainsey.
2:02 of 1st period - Stopped by Pekka Rinne without a rebound.
2:03 of 1st period - Jamie Benn wins face-off versus Valtteri Filppula in Predators zone.
2:06 of 1st period - Shot by Pascal Dupuis.
2:06 of 1st period - Stopped by Pekka Rinne without a rebound.
2:07 of 1st period - Jamie Benn wins face-off versus Brandon Prust in Predators zone.
2:31 of 1st period - Ron Hainsey is hit by Derick Brassard and loses puck.
3:15 of 1st period - Icing by Ron Hainsey.
3:16 of 1st period - Matt Cullen wins face-off versus Max Pacioretty in Jets zone.
3:16 of 1st period - Matt Cullen is hit by Max Pacioretty.
3:37 of 1st period - Shot by Nicklas Backstrom.
3:37 of 1st period - Shot Misses the Net.
3:39 of 1st period - Shot by T.J. Oshie.
3:39 of 1st period - Shot Misses the Net.
4:24 of 1st period - Patrik Berglund is hit by Kimmo Timonen and loses puck.
4:37 of 1st period - Shot by Zach Bogosian.
4:37 of 1st period - Shot Misses the Net.
5:27 of 1st period - Troy Brouwer is hit by Zach Bogosian.
5:46 of 1st period - Artem Anisimov is hit by Jonathan Ericsson and loses puck.
5:52 of 1st period - Patrick Sharp is hit by Cody Franson and loses puck.
6:49 of 1st period - Off-side.
6:50 of 1st period - Henrik Sedin wins face-off versus Nicklas Backstrom in neutral zone.
7:37 of 1st period - Shot by Matt Read.
7:37 of 1st period - Stopped by Pekka Rinne with a rebound.
7:55 of 1st period - Shot by Boyd Gordon.
7:55 of 1st period - Stopped by Pekka Rinne without a rebound.
7:56 of 1st period - Justin Abdelkader wins face-off versus Jamie Benn in Predators zone.
8:24 of 1st period - Zach Bogosian is hit by Kimmo Timonen and loses puck.
8:27 of 1st period - Shot by Justin Abdelkader.
8:27 of 1st period - Deflect By Jaden Schwartz.
8:27 of 1st period - Stopped by Cory Schneider without a rebound.
8:28 of 1st period - Henrik Sedin wins face-off versus Steven Stamkos in Jets zone.
8:58 of 1st period - Icing by Steven Stamkos.
8:59 of 1st period - Jamie Benn wins face-off versus Steven Stamkos in Predators zone.
9:15 of 1st period - Minor Penalty to Cody Franson for Hooking.
9:16 of 1st period - Henrik Sedin wins face-off versus Justin Abdelkader in Predators zone.
9:23 of 1st period - Shot by Henrik Sedin.
9:23 of 1st period - Stopped by Pekka Rinne without a rebound.
9:24 of 1st period - Henrik Sedin wins face-off versus Justin Abdelkader in Predators zone.
9:59 of 1st period - Shot by Patrick Sharp.
9:59 of 1st period - Shot Misses the Net.
10:29 of 1st period - Shot by Pascal Dupuis.
10:29 of 1st period - Deflect By Jamie Benn.
10:29 of 1st period - Stopped by Pekka Rinne with a rebound.
10:31 of 1st period - Shot by Pascal Dupuis.
10:31 of 1st period - Shot Misses the Net.
10:33 of 1st period - Shot by Ron Hainsey.
10:33 of 1st period - Shot Blocked by Brian Strait.
10:35 of 1st period - Shot by Jason Garrison.
10:35 of 1st period - Stopped by Pekka Rinne without a rebound.
10:36 of 1st period - Jamie Benn wins face-off versus Valtteri Filppula in Predators zone.
10:36 of 1st period - Pascal Dupuis is hit by Zach Bogosian and loses puck.
10:41 of 1st period - Shot by Ron Hainsey.
10:41 of 1st period - Shot Blocked by Brian Strait.
11:16 of 1st period - Icing by Raphael Diaz.
11:17 of 1st period - Matt Cullen wins face-off versus Nicklas Backstrom in Jets zone.
11:31 of 1st period - Jonathan Ericsson is hit by Max Pacioretty.
11:53 of 1st period - Shot by Zbynek Michalek.
11:53 of 1st period - Deflect By Max Pacioretty.
11:53 of 1st period - Shot Misses the Net.
13:27 of 1st period - Shot by Jamie Benn.
13:27 of 1st period - Deflect By Pascal Dupuis.
13:27 of 1st period - Stopped by Pekka Rinne without a rebound.
13:28 of 1st period - Jamie Benn wins face-off versus Nicklas Backstrom in Predators zone.
14:11 of 1st period - Shot by Jaromir Jagr.
14:11 of 1st period - Shot Misses the Net.
14:32 of 1st period - Brian Strait is hit by Matt Read and loses puck.
15:02 of 1st period - Icing by Brian Strait.
15:03 of 1st period - Henrik Sedin wins face-off versus Patrik Berglund in Predators zone.
15:08 of 1st period - Shot by Patrick Sharp.
15:08 of 1st period - Deflect By Troy Brouwer.
15:08 of 1st period - Stopped by Pekka Rinne without a rebound.
15:09 of 1st period - Steven Stamkos wins face-off versus Henrik Sedin in Predators zone.
15:22 of 1st period - Shot by Steven Stamkos.
15:22 of 1st period - Shot Hit the Post.
15:40 of 1st period - Shot by Steven Stamkos.
15:40 of 1st period - Shot Misses the Net.
16:20 of 1st period - Shot by T.J. Oshie.
16:20 of 1st period - Stopped by Cory Schneider without a rebound.
16:21 of 1st period - Jamie Benn wins face-off versus Valtteri Filppula in Jets zone.
16:43 of 1st period - Shot by Anton Stralman.
16:43 of 1st period - Stopped by Cory Schneider without a rebound.
16:44 of 1st period - Matt Cullen wins face-off versus Nicklas Backstrom in Jets zone.
16:44 of 1st period - Matt Cullen is hit by Max Pacioretty.
17:07 of 1st period - Minor Penalty to Cody Franson for Elbowing.
17:08 of 1st period - Jamie Benn wins face-off versus Justin Abdelkader in Predators zone.
17:32 of 1st period - Jaromir Jagr is hit by Zbynek Michalek and loses puck.
18:10 of 1st period - Shot by Raphael Diaz.
18:10 of 1st period - Stopped by Pekka Rinne without a rebound.
18:11 of 1st period - Henrik Sedin wins face-off versus Justin Abdelkader in Predators zone.
18:12 of 1st period - Shot by Kimmo Timonen.
18:12 of 1st period - Stopped by Pekka Rinne with a rebound.
18:14 of 1st period - Shot by Troy Brouwer.
18:14 of 1st period - Stopped by Pekka Rinne without a rebound.
18:15 of 1st period - Henrik Sedin wins face-off versus Justin Abdelkader in Predators zone.
18:20 of 1st period - Shot by Patrick Sharp.
18:20 of 1st period - Shot Blocked by Zbynek Michalek.
18:22 of 1st period - Shot by Troy Brouwer.
18:22 of 1st period - Shot Blocked by Roman Josi.
18:26 of 1st period - Shot by Troy Brouwer.
18:26 of 1st period - Stopped by Pekka Rinne with a rebound.
18:58 of 1st period - Icing by Kimmo Timonen.
18:59 of 1st period - Henrik Sedin wins face-off versus Valtteri Filppula in Jets zone.
18:59 of 1st period - Kimmo Timonen is hit by Brandon Prust and loses puck.
19:40 of 1st period - Shot by T.J. Oshie.
19:40 of 1st period - Stopped by Cory Schneider without a rebound.
19:41 of 1st period - Steven Stamkos wins face-off versus Matt Cullen in Jets zone.
Goals for this period are 0 for Predators vs 0 for Jets.
Shots for this period are 4 for Predators vs 16 for Jets.

2nd period


0:01 of 2nd period - Jamie Benn wins face-off versus Nicklas Backstrom in neutral zone.
0:01 of 2nd period - Jamie Benn is hit by Max Pacioretty.
0:04 of 2nd period - Kimmo Timonen is hit by Zach Bogosian and loses puck.
0:22 of 2nd period - Shot by Pascal Dupuis.
0:22 of 2nd period - Shot Misses the Net.
0:25 of 2nd period - Icing by Zach Bogosian.
0:26 of 2nd period - Henrik Sedin wins face-off versus Nicklas Backstrom in Predators zone.
0:33 of 2nd period - Shot by Henrik Sedin.
0:33 of 2nd period - Stopped by Pekka Rinne with a rebound.
0:39 of 2nd period - Shot by Patrick Sharp.
0:39 of 2nd period - Stopped by Pekka Rinne without a rebound.
0:40 of 2nd period - Jamie Benn wins face-off versus Steven Stamkos in Predators zone.
0:40 of 2nd period - Raphael Diaz is hit by Zbynek Michalek and loses puck.
0:41 of 2nd period - Minor Penalty to Zbynek Michalek for Roughing.
0:42 of 2nd period - Henrik Sedin wins face-off versus Justin Abdelkader in Predators zone.
0:56 of 2nd period - Henrik Sedin is hit by Anton Stralman and loses puck.
1:51 of 2nd period - Shot by Jamie Benn.
1:51 of 2nd period - Shot Misses the Net.
4:03 of 2nd period - Icing by Joe Pavelski.
4:04 of 2nd period - Patrik Berglund wins face-off versus Matt Cullen in Jets zone.
4:41 of 2nd period - Shot by Tuomo Ruutu.
4:41 of 2nd period - Stopped by Cory Schneider with a rebound.
4:44 of 2nd period - Icing by Raphael Diaz.
4:45 of 2nd period - Nicklas Backstrom wins face-off versus Henrik Sedin in Jets zone.
4:45 of 2nd period - Nicklas Backstrom is hit by Kimmo Timonen.
4:49 of 2nd period - Shot by Max Pacioretty.
4:49 of 2nd period - Deflect By Nicklas Backstrom.
4:49 of 2nd period - Shot Blocked by Kimmo Timonen.
5:02 of 2nd period - Shot by Nicklas Backstrom.
5:02 of 2nd period - Shot Misses the Net.
5:22 of 2nd period - Icing by Troy Brouwer.
5:23 of 2nd period - Henrik Sedin wins face-off versus Derick Brassard in Jets zone.
6:57 of 2nd period - Jaromir Jagr is hit by Cody Franson and loses puck.
7:20 of 2nd period - Shot by Matt Read.
7:20 of 2nd period - Shot Misses the Net.
8:05 of 2nd period - Icing by Ron Hainsey.
8:06 of 2nd period - Justin Abdelkader wins face-off versus Matt Cullen in Jets zone.
8:29 of 2nd period - Off-side.
8:30 of 2nd period - Steven Stamkos wins face-off versus Jaromir Jagr in neutral zone.
8:35 of 2nd period - Shot by Steven Stamkos.
8:35 of 2nd period - Deflect By Artem Anisimov.
8:35 of 2nd period - Shot Misses the Net.
8:45 of 2nd period - Shot by Jamie Benn.
8:45 of 2nd period - Stopped by Pekka Rinne without a rebound.
8:46 of 2nd period - Patrik Berglund wins face-off versus Henrik Sedin in Predators zone.
8:50 of 2nd period - Off-side.
8:51 of 2nd period - Nicklas Backstrom wins face-off versus Jamie Benn in neutral zone.
9:55 of 2nd period - Patrick Sharp is hit by Zach Bogosian and loses puck.
10:06 of 2nd period - Shot by Troy Brouwer.
10:06 of 2nd period - Deflect By Patrick Sharp.
10:06 of 2nd period - Stopped by Pekka Rinne without a rebound.
10:07 of 2nd period - Patrik Berglund wins face-off versus Matt Cullen in Predators zone.
10:07 of 2nd period - Patrik Berglund is hit by Joe Pavelski.
11:07 of 2nd period - Valtteri Filppula is hit by Troy Brouwer and loses puck.
11:14 of 2nd period - Shot by Ron Hainsey.
11:14 of 2nd period - Shot Misses the Net.
13:00 of 2nd period - Jamie Benn is hit by Zbynek Michalek and loses puck.
13:12 of 2nd period - Shot by Anton Stralman.
13:12 of 2nd period - Shot Misses the Net.
14:08 of 2nd period - Minor Penalty to Zach Bogosian for Hooking.
14:09 of 2nd period - Henrik Sedin wins face-off versus Justin Abdelkader in Predators zone.
14:32 of 2nd period - Shot by Henrik Sedin.
14:32 of 2nd period - Shot Blocked by Justin Abdelkader.
15:22 of 2nd period - Derick Brassard is hit by Troy Brouwer and loses puck.
16:43 of 2nd period - Icing by Zbynek Michalek.
16:44 of 2nd period - Nicklas Backstrom wins face-off versus Jamie Benn in Predators zone.
16:44 of 2nd period - Nicklas Backstrom is hit by Pascal Dupuis.
17:06 of 2nd period - Shot by Kimmo Timonen.
17:06 of 2nd period - Stopped by Pekka Rinne with a rebound.
17:57 of 2nd period - Shot by Matt Read.
17:57 of 2nd period - Stopped by Pekka Rinne without a rebound.
17:58 of 2nd period - Patrik Berglund wins face-off versus Henrik Sedin in Predators zone.
18:10 of 2nd period - Icing by Jason Garrison.
18:11 of 2nd period - Henrik Sedin wins face-off versus Justin Abdelkader in Jets zone.
18:11 of 2nd period - Henrik Sedin is hit by Brandon Prust.
19:21 of 2nd period - Icing by Pascal Dupuis.
19:22 of 2nd period - Jamie Benn wins face-off versus Steven Stamkos in Jets zone.
19:39 of 2nd period - Shot by Jamie Benn.
19:39 of 2nd period - Stopped by Pekka Rinne with a rebound.
19:41 of 2nd period - Shot by Pascal Dupuis.
19:41 of 2nd period - Shot Misses the Net.
19:51 of 2nd period - Shot by Jaromir Jagr.
19:51 of 2nd period - Deflect By Pascal Dupuis.
19:51 of 2nd period - Stopped by Pekka Rinne with a rebound.
19:53 of 2nd period - Shot by Jamie Benn.
19:53 of 2nd period - Stopped by Pekka Rinne without a rebound.
19:54 of 2nd period - Matt Cullen wins face-off versus Nicklas Backstrom in Predators zone.
19:54 of 2nd period - Matt Cullen is hit by Zbynek Michalek.
Goals for this period are 0 for Predators vs 0 for Jets.
Shots for this period are 1 for Predators vs 9 for Jets.

3rd period


0:01 of 3rd period - Henrik Sedin wins face-off versus Steven Stamkos in neutral zone.
1:39 of 3rd period - Shot by Max Pacioretty.
1:39 of 3rd period - Shot Misses the Net.
1:43 of 3rd period - Shot by T.J. Oshie.
1:43 of 3rd period - Shot Blocked by Jason Garrison.
1:45 of 3rd period - Shot by T.J. Oshie.
1:45 of 3rd period - Stopped by Cory Schneider without a rebound.
1:46 of 3rd period - Patrik Berglund wins face-off versus Matt Cullen in Jets zone.
1:46 of 3rd period - Patrik Berglund is hit by Nicklas Grossmann.
1:47 of 3rd period - Minor Penalty to Nicklas Grossmann for Roughing.
1:48 of 3rd period - Steven Stamkos wins face-off versus Boyd Gordon in Jets zone.
1:49 of 3rd period - Shot by Zach Bogosian.
1:49 of 3rd period - Shot Misses the Net.
1:51 of 3rd period - Shot by Zach Bogosian.
1:51 of 3rd period - Shot Misses the Net.
1:59 of 3rd period - Shot by Steven Stamkos.
1:59 of 3rd period - Stopped by Cory Schneider without a rebound.
2:00 of 3rd period - Nicklas Backstrom wins face-off versus Boyd Gordon in Jets zone.
2:11 of 3rd period - Shot by Nicklas Backstrom.
2:11 of 3rd period - Shot Blocked by Matt Cooke.
2:13 of 3rd period - Shot by Anton Stralman.
2:13 of 3rd period - Shot Misses the Net.
3:33 of 3rd period - Roman Josi is hit by Matt Cullen.
3:52 of 3rd period - Shot by Valtteri Filppula.
3:52 of 3rd period - Stopped by Cory Schneider without a rebound.
3:53 of 3rd period - Henrik Sedin wins face-off versus Patrik Berglund in Jets zone.
4:20 of 3rd period - Patrick Sharp is hit by Brian Strait and loses puck.
4:35 of 3rd period - Shot by Brian Strait.
4:35 of 3rd period - Goal by Brian Strait - Predators : 1 - Jets : 0.
4:36 of 3rd period - Jamie Benn wins face-off versus Steven Stamkos in neutral zone.
4:49 of 3rd period - Shot by Jaromir Jagr.
4:49 of 3rd period - Deflect By Pascal Dupuis.
4:49 of 3rd period - Stopped by Pekka Rinne without a rebound.
4:50 of 3rd period - Boyd Gordon wins face-off versus Nicklas Backstrom in Predators zone.
5:56 of 3rd period - Icing by Zach Bogosian.
5:57 of 3rd period - Jamie Benn wins face-off versus Derick Brassard in Predators zone.
6:04 of 3rd period - Shot by Pascal Dupuis.
6:04 of 3rd period - Shot Blocked by Zach Bogosian.
6:06 of 3rd period - Shot by Jonathan Ericsson.
6:06 of 3rd period - Shot Misses the Net.
6:10 of 3rd period - Shot by Pascal Dupuis.
6:10 of 3rd period - Stopped by Pekka Rinne without a rebound.
6:11 of 3rd period - Henrik Sedin wins face-off versus Patrik Berglund in Predators zone.
6:24 of 3rd period - Shot by Henrik Sedin.
6:24 of 3rd period - Stopped by Pekka Rinne with a rebound.
6:26 of 3rd period - Shot by Henrik Sedin.
6:26 of 3rd period - Stopped by Pekka Rinne without a rebound.
6:27 of 3rd period - Jamie Benn wins face-off versus Steven Stamkos in Predators zone.
6:27 of 3rd period - Jamie Benn is hit by Zach Bogosian.
6:33 of 3rd period - Shot by Pascal Dupuis.
6:33 of 3rd period - Stopped by Pekka Rinne with a rebound.
6:35 of 3rd period - Shot by Jaromir Jagr.
6:35 of 3rd period - Stopped by Pekka Rinne with a rebound.
6:37 of 3rd period - Shot by Pascal Dupuis.
6:37 of 3rd period - Stopped by Pekka Rinne without a rebound.
6:38 of 3rd period - Henrik Sedin wins face-off versus Nicklas Backstrom in Predators zone.
7:01 of 3rd period - Shot by Patrick Sharp.
7:01 of 3rd period - Shot Misses the Net.
7:05 of 3rd period - Shot by Kimmo Timonen.
7:05 of 3rd period - Shot Blocked by Zbynek Michalek.
7:13 of 3rd period - Shot by Henrik Sedin.
7:13 of 3rd period - Stopped by Pekka Rinne without a rebound.
7:14 of 3rd period - Steven Stamkos wins face-off versus Jamie Benn in Predators zone.
7:14 of 3rd period - Steven Stamkos is hit by Jamie Benn.
7:23 of 3rd period - Roman Josi is hit by Ron Hainsey and loses puck.
7:56 of 3rd period - Shot by Steven Stamkos.
7:56 of 3rd period - Shot Misses the Net.
8:24 of 3rd period - Shot by Valtteri Filppula.
8:24 of 3rd period - Deflect By Tuomo Ruutu.
8:24 of 3rd period - Stopped by Cory Schneider without a rebound.
8:25 of 3rd period - Nicklas Backstrom wins face-off versus Joe Pavelski in Jets zone.
8:29 of 3rd period - Minor Penalty to Nicklas Grossmann for Hooking.
8:30 of 3rd period - Nicklas Backstrom wins face-off versus Boyd Gordon in Jets zone.
8:51 of 3rd period - Shot by Max Pacioretty.
8:51 of 3rd period - Stopped by Cory Schneider with a rebound.
9:57 of 3rd period - Ron Hainsey is hit by Steven Stamkos and loses puck.
10:26 of 3rd period - Ron Hainsey is hit by Steven Stamkos and loses puck.
10:40 of 3rd period - Pascal Dupuis is hit by Cody Franson.
10:48 of 3rd period - Shot by Jamie Benn.
10:48 of 3rd period - Shot Misses the Net.
10:50 of 3rd period - Shot by Nicklas Grossmann.
10:50 of 3rd period - Shot Misses the Net.
10:52 of 3rd period - Shot by Jamie Benn.
10:52 of 3rd period - Shot Blocked by Cody Franson.
10:54 of 3rd period - Shot by Jamie Benn.
10:54 of 3rd period - Shot Misses the Net.
13:41 of 3rd period - Shot by Jamie Benn.
13:41 of 3rd period - Shot Misses the Net.
13:43 of 3rd period - Shot by Pascal Dupuis.
13:43 of 3rd period - Shot Misses the Net.
13:45 of 3rd period - Shot by Jaromir Jagr.
13:45 of 3rd period - Stopped by Pekka Rinne with a rebound.
15:49 of 3rd period - Shot by Patrik Berglund.
15:49 of 3rd period - Shot Misses the Net.
16:19 of 3rd period - Shot by Patrick Sharp.
16:19 of 3rd period - Shot Misses the Net.
16:23 of 3rd period - Shot by Henrik Sedin.
16:23 of 3rd period - Stopped by Pekka Rinne without a rebound.
16:24 of 3rd period - Matt Cullen wins face-off versus Justin Abdelkader in Predators zone.
16:40 of 3rd period - Shot by Joe Pavelski.
16:40 of 3rd period - Stopped by Pekka Rinne without a rebound.
16:41 of 3rd period - Henrik Sedin wins face-off versus Nicklas Backstrom in Predators zone.
16:41 of 3rd period - Patrick Sharp is hit by Zach Bogosian and loses puck.
16:48 of 3rd period - Shot by Patrick Sharp.
16:48 of 3rd period - Stopped by Pekka Rinne without a rebound.
16:49 of 3rd period - Nicklas Backstrom wins face-off versus Jamie Benn in Predators zone.
17:02 of 3rd period - Shot by Pascal Dupuis.
17:02 of 3rd period - Shot Misses the Net.
17:04 of 3rd period - Shot by Pascal Dupuis.
17:04 of 3rd period - Shot Misses the Net.
17:08 of 3rd period - Shot by Jaromir Jagr.
17:08 of 3rd period - Goal by Jaromir Jagr - Predators : 1 - Jets : 1.
17:09 of 3rd period - Henrik Sedin wins face-off versus Patrik Berglund in neutral zone.
17:34 of 3rd period - Shot by Valtteri Filppula.
17:34 of 3rd period - Shot Misses the Net.
18:04 of 3rd period - Brian Strait is hit by Troy Brouwer and loses puck.
18:33 of 3rd period - Shot by Max Pacioretty.
18:33 of 3rd period - Shot Misses the Net.
18:58 of 3rd period - Shot by Steven Stamkos.
18:58 of 3rd period - Shot Blocked by Jamie Benn.
19:08 of 3rd period - Shot by Steven Stamkos.
19:08 of 3rd period - Shot Misses the Net.
19:10 of 3rd period - Shot by Artem Anisimov.
19:10 of 3rd period - Shot Blocked by Raphael Diaz.
19:12 of 3rd period - Shot by Steven Stamkos.
19:12 of 3rd period - Shot Blocked by Raphael Diaz.
19:59 of 3rd period - Shot by Jaden Schwartz.
19:59 of 3rd period - Shot Misses the Net.
Goals for this period are 1 for Predators vs 1 for Jets.
Shots for this period are 6 for Predators vs 13 for Jets.

Overtime #1


0:01 of 1st overtime period - Henrik Sedin wins face-off versus Nicklas Backstrom in neutral zone.
0:30 of 1st overtime period - Max Pacioretty is hit by Kimmo Timonen and loses puck.
0:33 of 1st overtime period - Shot by T.J. Oshie.
0:33 of 1st overtime period - Stopped by Cory Schneider without a rebound.
0:34 of 1st overtime period - Matt Cullen wins face-off versus Steven Stamkos in Jets zone.
0:39 of 1st overtime period - Zbynek Michalek is hit by Matt Cullen and loses puck.
0:45 of 1st overtime period - Minor Penalty to Matt Read for Tripping.
0:46 of 1st overtime period - Boyd Gordon wins face-off versus Steven Stamkos in Jets zone.
2:13 of 1st overtime period - Shot by Roman Josi.
2:13 of 1st overtime period - Shot Misses the Net.
2:15 of 1st overtime period - Shot by T.J. Oshie.
2:15 of 1st overtime period - Stopped by Cory Schneider without a rebound.
2:16 of 1st overtime period - Steven Stamkos wins face-off versus Boyd Gordon in Jets zone.
2:16 of 1st overtime period - Zach Bogosian is hit by Jonathan Ericsson and loses puck.
3:07 of 1st overtime period - Shot by Valtteri Filppula.
3:07 of 1st overtime period - Shot Blocked by Nicklas Grossmann.
3:09 of 1st overtime period - Shot by Brian Strait.
3:09 of 1st overtime period - Stopped by Cory Schneider without a rebound.
3:10 of 1st overtime period - Henrik Sedin wins face-off versus Nicklas Backstrom in Jets zone.
3:10 of 1st overtime period - Jason Garrison is hit by Max Pacioretty and loses puck.
3:34 of 1st overtime period - Off-side.
3:35 of 1st overtime period - Patrik Berglund wins face-off versus Matt Cullen in neutral zone.
4:26 of 1st overtime period - Matt Read is hit by Derick Brassard and loses puck.
4:53 of 1st overtime period - Shot by Steven Stamkos.
4:53 of 1st overtime period - Shot Misses the Net.
4:59 of 1st overtime period - Shot by Steven Stamkos.
4:59 of 1st overtime period - Shot Blocked by Jason Garrison.
5:02 of 1st overtime period - Ron Hainsey beats up Zach Bogosian.
5:02 of 1st overtime period - Penalty to Ron Hainsey for Fighting.
5:02 of 1st overtime period - Penalty to Zach Bogosian for Fighting.
5:02 of 1st overtime period - Minor Penalty to Jason Garrison for Cross-checking.
5:02 of 1st overtime period - Minor Penalty to Derick Brassard for Slashing.
5:02 of 1st overtime period - Minor Penalty to Troy Brouwer for Hooking.
5:03 of 1st overtime period - Boyd Gordon wins face-off versus Patrik Berglund in Jets zone.
5:03 of 1st overtime period - Boyd Gordon is hit by Patrik Berglund.
5:17 of 1st overtime period - Shot by Max Pacioretty.
5:17 of 1st overtime period - Shot Misses the Net.
5:19 of 1st overtime period - Shot by Max Pacioretty.
5:19 of 1st overtime period - Shot Misses the Net.
5:21 of 1st overtime period - Shot by Max Pacioretty.
5:21 of 1st overtime period - Deflect By Patrik Berglund.
5:21 of 1st overtime period - Shot Misses the Net.
5:23 of 1st overtime period - Shot by Zbynek Michalek.
5:23 of 1st overtime period - Shot Misses the Net.
5:25 of 1st overtime period - Shot by Max Pacioretty.
5:25 of 1st overtime period - Stopped by Cory Schneider without a rebound.
5:26 of 1st overtime period - Boyd Gordon wins face-off versus Patrik Berglund in Jets zone.
5:35 of 1st overtime period - Shot by Max Pacioretty.
5:35 of 1st overtime period - Stopped by Cory Schneider without a rebound.
5:36 of 1st overtime period - Boyd Gordon wins face-off versus Patrik Berglund in Jets zone.
5:55 of 1st overtime period - Shot by Boyd Gordon.
5:55 of 1st overtime period - Shot Misses the Net.
6:17 of 1st overtime period - Joe Pavelski is hit by Patrik Berglund and loses puck.
7:02 of 1st overtime period - Shot by Nicklas Backstrom.
7:02 of 1st overtime period - Shot Misses the Net.
7:04 of 1st overtime period - Shot by Steven Stamkos.
7:04 of 1st overtime period - Stopped by Cory Schneider with a rebound.
7:06 of 1st overtime period - Shot by Cody Franson.
7:06 of 1st overtime period - Stopped by Cory Schneider without a rebound.
7:07 of 1st overtime period - Henrik Sedin wins face-off versus Artem Anisimov in Jets zone.
7:07 of 1st overtime period - Henrik Sedin is hit by Derick Brassard.
7:17 of 1st overtime period - Kimmo Timonen is hit by Artem Anisimov.
7:33 of 1st overtime period - Shot by Steven Stamkos.
7:33 of 1st overtime period - Deflect By Artem Anisimov.
7:33 of 1st overtime period - Shot Blocked by Kimmo Timonen.
7:35 of 1st overtime period - Shot by Roman Josi.
7:35 of 1st overtime period - Stopped by Cory Schneider without a rebound.
7:36 of 1st overtime period - Justin Abdelkader wins face-off versus Jamie Benn in Jets zone.
7:45 of 1st overtime period - Shot by Justin Abdelkader.
7:45 of 1st overtime period - Shot Blocked by Jason Garrison.
7:47 of 1st overtime period - Shot by Justin Abdelkader.
7:47 of 1st overtime period - Shot Misses the Net.
7:49 of 1st overtime period - Shot by Justin Abdelkader.
7:49 of 1st overtime period - Goal by Justin Abdelkader - Predators : 2 - Jets : 1.
Goals for this period are 1 for Predators vs 0 for Jets.
Shots for this period are 9 for Predators vs 0 for Jets.


Output by the SimonT Hockey Simulator (STHS) for Stephane Roy -- Original Page W3C XHTML 1.0 Valid
Hockey Simulator - Hockey Simulation - Hockey Manager